 Dungeon Crawl Stone Soup version 0.28.0 (webtiles) character file.

Game seed: 3660230890121024604

30 GrayStillPlays the Skirmisher (level 3, 0/20 HPs)
             Began as a Vine Stalker Fighter on Feb 6, 2022.
             Succumbed to an adder's poison
             ... on level 2 of the Dungeon.
             The game lasted 00:01:42 (1090 turns).

GrayStillPlays the Skirmisher (VSFi)                Turns: 1090, Time: 00:01:43

Health: 0/20       AC:  6    Str: 18    XL:     3   Next: 20%
Magic:  4/4        EV:  9    Int: 10    God:
Gold:   52         SH:  4    Dex: 13    Spells: 2/2 levels left

rFire   . . .      SeeInvis .   k - +2 dagger (speed) {short}
rCold   . . .      Faith    .   c - +0 buckler
rNeg    . . .      Spirit   +   b - +0 scale mail
rPois   .          Reflect  .   (no helmet)
rElec   .          Harm     .   (no cloak)
rCorr   .          Rampage  .   (no gloves)
Will    .....                   (no boots)
Stlth   ..........              (no amulet)
HPRegen 0.06/turn               (no ring)
MPRegen 0.09/turn               (no ring)

@: lethally poisoned (0 -> -7)
A: fangs 2, magic shield, antimagic bite, no potion heal 2
a: no special abilities


You were on level 2 of the Dungeon.
You visited 1 branch of the dungeon, and saw 2 of its levels.

You collected 52 gold pieces.


Innate Abilities, Weirdness & Mutations

You have extremely sharp teeth.
When hurt, damage is shared between your health and your magic reserves.
Your bite disrupts and absorbs the magic of your enemies.
Potions cannot restore your health.


   Skills:
 + Level 3.0 Fighting
 + Level 2.2 Short Blades
 + Level 2.7 Armour
 + Level 3.0 Shields


You had 2 spell levels left.
You didn't know any spells.
Your spell library was empty.

Inventory:

Hand Weapons
 a - a +0 rapier {short}
 k - a +2 dagger of speed (weapon) {short}
   (You took it off a goblin on level 1 of the Dungeon)
Missiles
 i - 22 stones {throwing}
 l - 2 atropa-tipped darts (quivered) {throwing}
 n - 2 javelins {throwing}
 o - 23 sling bullets
Armour
 b - a +0 scale mail (worn)
 c - a +0 buckler (worn)
Scrolls
 h - 2 scrolls of enchant armour {unknown}
 m - a scroll of fear {unknown}
Potions
 d - a potion of might
 e - a potion of flight {unknown}
 f - a potion of mutation {unknown}
 g - a potion of berserk rage {unknown}
 j - a potion of curing {unknown}

Dungeon Overview and Level Annotations

Branches:
Dungeon (2/15)

Altars:

#.....#####.###
#.... ##.#. ####
##.# #########
#.# #
#.......####.#
#.###
#.#.#........#
.(.
#.#...#.######
#.##S####....##.#
#...)@....#####.#
####.####.......#
#. ######### ..
###


You could see an adder.


Message History

😎 HP[+2]
Your hp is fully restored (20).
Found a stone staircase leading down.
The hobgoblin shouts!
The hobgoblin barely misses you.
You hit the hobgoblin. You bite the hobgoblin. You drain its power.
You barely miss the hobgoblin. You bite the hobgoblin.
You kill the hobgoblin!
A dart slug comes into view.
You hit the dart slug. You bite the dart slug. You drain its power.
The dart slug launches a dart at you. The slug dart misses you.
You hit the dart slug.
You kill the dart slug!
You see here a dart slug corpse.
A ball python comes into view.
The ball python hisses angrily.
A ball python is nearby!
The ball python barely misses you. The ball python grabs you.
The ball python constricts you. 😕 HP[-1]
You take 1 damage, and now have 19/20 hp.
You hit the ball python. You block the ball python's attack.
The ball python constricts you.
You hit the ball python but do no damage.
You hit the ball python.
You kill the ball python!
o - 23 sling bullets A goblin comes into view.
It is wielding a +0 club.
The goblin shouts! 😎 HP[+1]
Your hp is fully restored (20).
An adder comes into view.
The adder hisses angrily.
The goblin hits you but does no damage.
You closely miss the goblin. You hit the goblin.
The goblin hits you but does no damage. The adder bites you. 😕 HP[-3] MP[-1]
You take 3 damage, and now have 17/20 hp.
You lost 1 mp, and now have 3/4 mp.
You barely miss the goblin. You bite the goblin.
You kill the goblin!
The adder bites you. 😮 HP[-2]
You take 2 damage, and now have 15/20 hp.
You hit the adder but do no damage. You closely miss the adder.
Your bite misses the adder. The adder bites you but does no damage.
You closely miss the adder. Your bite misses the adder.
The adder bites you. 😮 HP[-4]
You take 4 damage, and now have 11/20 hp.
You hit the adder but do no damage. Your bite misses the adder.
The adder bites you but does no damage.
You hit the adder but do no damage. The adder barely misses you.
You barely miss the adder. The adder bites you.
* * * LOW HITPOINT WARNING * * *
You are poisoned.
The adder poisons you! 😨 HP[-1]
You take 1 damage, and now have 10/20 hp.
You hit the adder.
* * * LOW HITPOINT WARNING * * *
You feel sick. The adder misses you. 😨 HP[-2]
You take 2 damage, and now have 8/20 hp.
You barely miss the adder.
You feel sick. 😨 HP[-1]
You take 1 damage, and now have 7/20 hp.
You hit the adder. You bite the adder, but do no damage.
The adder bites you but does no damage.
Unknown command.
You hit the adder. Your bite misses the adder.
You feel sick. The adder bites you.
* * * LOW HITPOINT WARNING * * *
You are lethally poisoned!
The adder poisons you! 😱 HP[-2] MP[-1]
You take 2 damage, and now have 5/20 hp.
You lost 1 mp, and now have 2/4 mp.
Throw: 3 darts (atropa) {throwing}
Press: ? - help, Q - select action, (/) - cycle Shift-Dir - straight line, f - adder
Aim: an adder (moderately wounded, 38% to hit, chance to blind on hit: 100%)
You throw an atropa-tipped dart {throwing}.
The atropa-tipped dart {throwing} closely misses the adder.
* * * LOW HITPOINT WARNING * * *
You feel very sick. The adder bites you but does no damage.
You block the adder's attack. 😱 HP[-3]
You take 3 damage, and now have 2/20 hp.
You barely miss the adder. You bite the adder. You drain its power.
You feel invigorated.
* * * LOW HITPOINT WARNING * * *
You feel sick. 😱 HP[-1] MP[+2]
You take 1 damage, and now have 1/20 hp.
Your mp is fully restored (4).
You closely miss the adder.
You die...

Skill      XL: |  1  2 |
---------------+-------+-----
Short Blades   | 2 |  2.2
Fighting       | 3 |  3.0
Shields        | 3 |  3.0
Armour         | |  2.7

Action                   || total
-------------------------++-------
Melee: Rapier            ||    20
       Bite              ||    17
       Dagger            ||    51
Throw: Dart              ||     1
Armor: Scale mail        ||    13
Dodge: Dodged            ||    22
Block: Buckler           ||    12

Levels and vault maps discovered:
D:1:      ldierk_walled_garden, layout_loops_ring,
          dilly_ecumenical_altar_fadedgnrine, hangedman_feature_mirror,
          minivault_14, grunt_decor_mini_mirrors, chequers_avenue,
          hangedman_feature_mirror, minmay_heptomino_h4
D:2:      layout_loops_cross, basic_altar, serial_shops,
          nicolae_shop_hallway_stairs

Notes
Turn   | Place    | Note
-------+----------+-------------------------------------------
     0 | D:1      | GrayStillPlays the Vine Stalker Fighter began the quest for
                  | the Orb.
     0 | D:1      | Reached XP level 1. HP: 11/11 MP: 2/2
     0 | D:1      | magus.rc [v1.9.6]
   208 | D:1      | Reached XP level 2. HP: 16/16 MP: 3/3
   226 | D:1      | Reached skill level 2 in Short Blades
   750 | D:1      | Reached skill level 3 in Fighting
   904 | D:1      | Found a faded altar of an unknown god.
   939 | D:2      | Reached skill level 3 in Shields
   939 | D:2      | Reached XP level 3. HP: 17/20 MP: 2/4
  1087 | D:2      | HP: 5/20 [adder (1)]
  1088 | D:2      | HP: 2/20 [poisoned by an adder]
  1090 | D:2      | Succumbed to an adder's poison

Vanquished Creatures
  A dart slug (D:2)
  An endoplasm (D:1)
  4 goblins
  4 hobgoblins
  A quokka (D:2)
  9 ball pythons
  A bat (D:1)
  A frilled lizard (D:1)
  2 kobolds (D:1)
  4 rats
28 creatures vanquished.

Vanquished Creatures (others)
  5 toadstools (D:1)
5 creatures vanquished.

Grand Total: 33 creatures vanquished

Table legend:
 A = Non-vault XP
 B = Vault XP
 C = Vault XP percentage of total XP
 D = Non-vault monster count
 E = Vault monster count
 F = Vault count percentage of total count
                 A         B        C        D         E       F
            +---------+---------+-------+---------+---------+-------
      Total |      33 |      11 |  25.0 |      21 |       7 |  25.0
            +---------+---------+-------+---------+---------+-------
        D:1 |      21 |      11 |  34.4 |      15 |       7 |  31.8
        D:2 |      12 |       0 |   0.0 |       6 |       0 |   0.0
            +---------+---------+-------+---------+---------+-------

Illustrated notes

Table legend:
 A = Kills in this place as a percentage of kills in entire the game.
 B = Kills by you in this place as a percentage of kills by you in the entire game.
 C = Kills by friends in this place as a percentage of kills by friends in the entire game.
 D = Other kills in this place as a percentage of other kills in the entire game.
 E = Experience gained in this place as a percentage of experience gained in the entire game.
 F = Experience gained in this place divided by the number of levels of this place that you have seen.
                   A       B       C       D       E      F
               +-------+-------+-------+-------+-------+----------------------
         Total | 100.0 | 100.0 |   N/A |   N/A | 100.0 |  22.0
       Dungeon | 100.0 | 100.0 |   N/A |   N/A | 100.0 |  22.0
               +-------+-------+-------+-------+-------+----------------------

Table legend: (Time is in decaauts)
 A = Elapsed time spent in this place.
 B = Non-inter-level travel time spent in this place.
 C = Inter-level travel time spent in this place.
 D = Time resting spent in this place.
 E = Time spent auto-exploring this place.
 F = Levels seen in this place.
 G = Mean time per level.
                   A        B        C        D        E       F      G
               +--------+--------+--------+--------+--------+-----+--------+
         Total |   1078 |   1063 |     15 |      0 |    843 |   2 |  539.0 |
       Dungeon |   1078 |   1063 |     15 |      0 |    843 |   2 |  539.0 |
               +--------+--------+--------+--------+--------+-----+--------+

Top non-repeatable levels by time:
     D:1: 921 daAuts
     D:2: 157 daAuts
